[ AOE2 MATCH · #495872432 ]
UnrankedShu vs Celts
Player's team · WIN
Rival team · LOSS
[ REPLAY ANALYSIS · EXTRACTED FROM THE RECORDED GAME ]
Feudal
15:06
Castle
—
Imperial
—
| APM avg | 81.6 |
| APM peak | 180 |
| eAPM avg | 48.8 |
| Villagers / military | 58 / 16 |
Focus
⚔️ 53.5% · 🌾 46.5%
Archer ×16
Feudal
—
Castle
—
Imperial
—
| APM avg | 65.3 |
| APM peak | 112 |
| eAPM avg | 28.5 |
| Villagers / military | 46 / 0 |
Focus
⚔️ 31.4% · 🌾 68.6%
Match map
Initial resources + every placement click. Lines = walls · curves = elevation contours. ◆ gold · ⬟ stone · ● berries · ✦ relic · ◌ wall gap
Your base· Open — 7t gap
Oni.Nacho's base· Open — unwalled flank
Smoothed initial terrain · ◌ = detected wall gap · hover for details
Inputs per minute
— EliteMxSniperrr - - Oni.Nacho
Build order — EliteMxSniperrr
First 150 of 161 actions detected
| 0:04 | Build | Town Center |
| 1:04 | Queue | Villager (Male) |
| 1:06 | Queue | Villager (Male) |
| 1:06 | Queue | Villager (Male) |
| 1:06 | Queue | Villager (Male) |
| 1:14 | Build | Palisade Gate |
| 1:16 | Build | Palisade Wall |
| 1:17 | Build | Palisade Wall |
| 1:44 | Build | Palisade Wall |
| 1:47 | Build | Palisade Wall |
| 1:49 | Build | Palisade Wall |
| 2:31 | Research | Loom |
| 2:31 | Research | Loom |
| 2:42 | Queue | Villager (Male) |
| 2:42 | Queue | Villager (Male) |
| 3:29 | Queue | Villager (Male) |
| 3:29 | Queue | Villager (Male) |
| 3:51 | Queue | Villager (Male) |
| 3:51 | Queue | Villager (Male) |
| 4:11 | Queue | Villager (Male) |
| 4:13 | Build | Mill |
| 4:16 | Build | House |
| 4:17 | Queue | Villager (Male) |
| 4:34 | Queue | Villager (Male) |
| 4:49 | Queue | Villager (Male) |
| 4:50 | Queue | Villager (Male) |
| 5:34 | Queue | Villager (Male) |
| 5:45 | Build | House |
| 5:57 | Build | Lumber Camp |
| 5:58 | Queue | Villager (Male) |
| 6:14 | Queue | Villager (Male) |
| 6:32 | Queue | Villager (Male) |
| 6:32 | Queue | Villager (Male) |
| 6:32 | Queue | Villager (Male) |
| 6:32 | Queue | Villager (Male) |
| 7:59 | Queue | Villager (Male) |
| 7:59 | Queue | Villager (Male) |
| 8:00 | Queue | Villager (Male) |
| 8:00 | Queue | Villager (Male) |
| 8:18 | Queue | Villager (Male) |
| 8:18 | Queue | Villager (Male) |
| 8:52 | Queue | Villager (Male) |
| 9:07 | Queue | Villager (Male) |
| 9:08 | Queue | Villager (Male) |
| 9:29 | Build | House |
| 9:36 | Queue | Villager (Male) |
| 10:12 | Queue | Villager (Male) |
| 10:23 | Build | House |
| 10:33 | Queue | Villager (Male) |
| 10:33 | Queue | Villager (Male) |
| 10:41 | Queue | Villager (Male) |
| 11:02 | Build | House |
| 11:13 | Queue | Villager (Male) |
| 12:10 | Build | Town Center |
| 12:15 | Build | Palisade Wall |
| 12:16 | Build | Palisade Wall |
| 12:31 | Build | Palisade Wall |
| 12:32 | Build | Palisade Wall |
| 12:32 | Build | Palisade Wall |
| 12:37 | Build | Palisade Wall |
| 12:38 | Build | Palisade Wall |
| 12:39 | Build | Palisade Wall |
| 12:39 | Build | Palisade Wall |
| 12:50 | Build | Palisade Wall |
| 12:56 | Research | Feudal Age |
| 13:06 | Build | Palisade Wall |
| 13:06 | Build | Palisade Wall |
| 13:07 | Build | Palisade Wall |
| 13:31 | Build | House |
| 13:34 | Build | Palisade Wall |
| 13:37 | Build | Palisade Wall |
| 13:39 | Build | Palisade Wall |
| 13:41 | Build | Palisade Wall |
| 13:43 | Build | Palisade Wall |
| 13:45 | Build | Palisade Wall |
| 13:47 | Build | Palisade Wall |
| 13:53 | Queue | Villager (Male) |
| 13:53 | Queue | Villager (Male) |
| 14:00 | Build | Palisade Gate |
| 14:01 | Build | Palisade Wall |
| 14:06 | Build | Palisade Wall |
| 14:07 | Build | Palisade Wall |
| 14:09 | Build | Palisade Wall |
| 14:13 | Queue | Villager (Male) |
| 14:20 | Build | Palisade Wall |
| 14:25 | Build | Palisade Wall |
| 14:26 | Queue | Villager (Male) |
| 14:42 | Build | Mining Camp |
| 14:42 | Queue | Villager (Male) |
| 14:55 | Build | Palisade Wall |
| 14:56 | Build | Palisade Wall |
| 15:00 | Queue | Villager (Male) |
| 15:06 | Age | Feudal Age |
| 15:06 | Build | Barracks |
| 15:07 | Queue | Villager (Male) |
| 15:07 | Queue | Villager (Male) |
| 15:10 | Research | Town Watch |
| 15:11 | Research | Town Watch |
| 15:24 | Build | House |
| 15:37 | Research | Double-Bit Axe |
| 15:37 | Research | Double-Bit Axe |
| 16:02 | Build | House |
| 16:02 | Queue | Villager (Male) |
| 16:11 | Build | Archery Range |
| 16:13 | Queue | Villager (Male) |
| 16:29 | Queue | Villager (Male) |
| 16:39 | Build | House |
| 16:50 | Build | House |
| 16:52 | Queue | Archer |
| 16:52 | Queue | Archer |
| 16:57 | Build | House |
| 17:17 | Queue | Villager (Male) |
| 17:23 | Build | Blacksmith |
| 17:24 | Queue | Villager (Male) |
| 17:27 | Build | Palisade Wall |
| 17:28 | Build | House |
| 17:30 | Build | House |
| 17:31 | Queue | Villager (Male) |
| 17:34 | Build | House |
| 17:35 | Queue | Villager (Male) |
| 17:35 | Queue | Villager (Male) |
| 17:37 | Queue | Villager (Male) |
| 17:39 | Queue | Archer |
| 17:48 | Queue | Villager (Male) |
| 17:59 | Build | Palisade Gate |
| 18:08 | Build | Palisade Wall |
| 18:27 | Queue | Villager (Male) |
| 18:30 | Queue | Archer |
| 18:33 | Queue | Villager (Male) |
| 18:34 | Queue | Villager (Male) |
| 18:35 | Build | House |
| 18:58 | Queue | Archer |
| 18:59 | Research | Fletching |
| 18:59 | Research | Fletching |
| 19:02 | Build | Archery Range |
| 19:17 | Queue | Archer |
| 19:27 | Build | House |
| 19:29 | Queue | Archer |
| 19:38 | Build | House |
| 19:39 | Build | Palisade Wall |
| 19:56 | Queue | Archer |
| 19:57 | Research | Padded Archer Armor |
| 19:58 | Research | Gold Mining |
| 20:38 | Queue | Archer |
| 20:38 | Queue | Archer |
| 21:17 | Queue | Archer |
| 21:17 | Queue | Archer |
| 21:27 | Queue | Archer |
| 21:41 | Queue | Archer |
| 22:00 | Build | House |
Build order — Oni.Nacho
69 actions detected in the replay
| 1:40 | Build | Town Center |
| 2:48 | Queue | Villager (Male) |
| 2:48 | Queue | Villager (Male) |
| 3:20 | Queue | Villager (Male) |
| 3:21 | Queue | Villager (Male) |
| 3:42 | Build | Lumber Camp |
| 3:48 | Queue | Villager (Male) |
| 4:01 | Queue | Villager (Male) |
| 4:51 | Queue | Villager (Male) |
| 4:51 | Queue | Villager (Male) |
| 4:51 | Queue | Villager (Male) |
| 5:14 | Queue | Villager (Male) |
| 5:39 | Research | Loom |
| 5:51 | Build | Town Center |
| 6:33 | Queue | Villager (Male) |
| 6:33 | Queue | Villager (Male) |
| 7:12 | Research | Loom |
| 7:38 | Queue | Villager (Male) |
| 8:36 | Build | Palisade Wall |
| 10:15 | Queue | Villager (Male) |
| 10:15 | Queue | Villager (Male) |
| 10:30 | Build | House |
| 11:51 | Queue | Villager (Male) |
| 12:11 | Build | Palisade Wall |
| 12:12 | Build | Palisade Wall |
| 12:13 | Build | Palisade Wall |
| 12:25 | Queue | Villager (Male) |
| 12:25 | Queue | Villager (Male) |
| 12:29 | Build | Palisade Wall |
| 12:30 | Build | Palisade Wall |
| 12:31 | Build | Palisade Wall |
| 12:41 | Queue | Villager (Male) |
| 12:47 | Queue | Villager (Male) |
| 13:06 | Queue | Villager (Male) |
| 13:32 | Queue | Villager (Male) |
| 13:32 | Queue | Villager (Male) |
| 14:08 | Queue | Villager (Male) |
| 14:08 | Queue | Villager (Male) |
| 14:08 | Queue | Villager (Male) |
| 14:17 | Queue | Villager (Male) |
| 14:17 | Queue | Villager (Male) |
| 14:17 | Queue | Villager (Male) |
| 14:42 | Queue | Villager (Male) |
| 14:43 | Queue | Villager (Male) |
| 14:43 | Queue | Villager (Male) |
| 15:02 | Build | Town Center |
| 16:17 | Queue | Villager (Male) |
| 16:17 | Queue | Villager (Male) |
| 16:17 | Queue | Villager (Male) |
| 16:18 | Queue | Villager (Male) |
| 16:23 | Build | House |
| 16:26 | Build | Mill |
| 16:30 | Build | Mill |
| 17:11 | Queue | Villager (Male) |
| 17:49 | Build | Mining Camp |
| 18:14 | Queue | Villager (Male) |
| 18:14 | Queue | Villager (Male) |
| 18:46 | Queue | Villager (Male) |
| 19:11 | Queue | Villager (Male) |
| 19:35 | Build | Outpost |
| 19:40 | Build | Outpost |
| 20:25 | Queue | Villager (Male) |
| 20:48 | Queue | Villager (Male) |
| 21:22 | Build | Town Center |
| 21:33 | Build | Palisade Wall |
| 21:35 | Build | Palisade Wall |
| 22:24 | Queue | Villager (Male) |
| 22:25 | Queue | Villager (Male) |
| 22:57 | Queue | Villager (Male) |
Match timeline
| 1:16 | EliteMxSniperrr · wall_segment Palisade Wall x1 |
| 1:17 | EliteMxSniperrr · wall_segment Palisade Wall x1 |
| 1:44 | EliteMxSniperrr · wall_segment Palisade Wall x1 |
| 1:47 | EliteMxSniperrr · wall_segment Palisade Wall x1 |
| 1:49 | EliteMxSniperrr · wall_segment Palisade Wall x1 |
| 8:36 | Oni.Nacho · wall_segment Palisade Wall x1 |
| 12:11 | Oni.Nacho · wall_segment Palisade Wall x1 |
| 12:12 | Oni.Nacho · wall_segment Palisade Wall x1 |
| 12:13 | Oni.Nacho · wall_segment Palisade Wall x1 |
| 12:15 | EliteMxSniperrr · wall_segment Palisade Wall x1 |
| 12:16 | EliteMxSniperrr · wall_segment Palisade Wall x1 |
| 12:29 | Oni.Nacho · wall_segment Palisade Wall x1 |
| 12:30 | Oni.Nacho · wall_segment Palisade Wall x1 |
| 12:31 | EliteMxSniperrr · wall_segment Palisade Wall x1 |
| 12:31 | Oni.Nacho · wall_segment Palisade Wall x1 |
| 12:32 | EliteMxSniperrr · wall_segment Palisade Wall x1 |
| 12:32 | EliteMxSniperrr · wall_segment Palisade Wall x1 |
| 12:37 | EliteMxSniperrr · wall_segment Palisade Wall x1 |
| 12:38 | EliteMxSniperrr · wall_segment Palisade Wall x1 |
| 12:39 | EliteMxSniperrr · wall_segment Palisade Wall x1 |
| 12:39 | EliteMxSniperrr · wall_segment Palisade Wall x1 |
| 12:50 | EliteMxSniperrr · wall_segment Palisade Wall x7 |
| 13:06 | EliteMxSniperrr · wall_segment Palisade Wall x1 |
| 13:06 | EliteMxSniperrr · wall_segment Palisade Wall x1 |
| 13:07 | EliteMxSniperrr · wall_segment Palisade Wall x1 |
| 13:34 | EliteMxSniperrr · wall_segment Palisade Wall x1 |
| 13:37 | EliteMxSniperrr · wall_segment Palisade Wall x1 |
| 13:39 | EliteMxSniperrr · wall_segment Palisade Wall x1 |
| 13:41 | EliteMxSniperrr · wall_segment Palisade Wall x1 |
| 13:43 | EliteMxSniperrr · wall_segment Palisade Wall x1 |
| 13:45 | EliteMxSniperrr · wall_segment Palisade Wall x1 |
| 13:47 | EliteMxSniperrr · wall_segment Palisade Wall x1 |
| 14:01 | EliteMxSniperrr · wall_segment Palisade Wall x1 |
| 14:06 | EliteMxSniperrr · wall_segment Palisade Wall x1 |
| 14:07 | EliteMxSniperrr · wall_segment Palisade Wall x1 |
| 14:09 | EliteMxSniperrr · wall_segment Palisade Wall x1 |
| 14:20 | EliteMxSniperrr · wall_segment Palisade Wall x1 |
| 14:25 | EliteMxSniperrr · wall_segment Palisade Wall x1 |
| 14:55 | EliteMxSniperrr · wall_segment Palisade Wall x1 |
| 14:56 | EliteMxSniperrr · wall_segment Palisade Wall x1 |
| 15:06 | EliteMxSniperrr · age_up feudal |
| 15:06 | EliteMxSniperrr · first_building Barracks |
| 16:11 | EliteMxSniperrr · first_building Archery Range |
| 17:27 | EliteMxSniperrr · wall_segment Palisade Wall x1 |
| 18:08 | EliteMxSniperrr · wall_segment Palisade Wall x1 |
| 19:39 | EliteMxSniperrr · wall_segment Palisade Wall x3 |
| 21:33 | Oni.Nacho · wall_segment Palisade Wall x1 |
| 21:35 | Oni.Nacho · wall_segment Palisade Wall x1 |
| 22:13 | EliteMxSniperrr · wall_segment Palisade Wall x1 |
| 22:14 | EliteMxSniperrr · wall_segment Palisade Wall x1 |
| 22:24 | EliteMxSniperrr · wall_segment Stone Wall x1 |
| 22:25 | EliteMxSniperrr · wall_segment Stone Wall x1 |
| 22:49 | EliteMxSniperrr · wall_segment Palisade Wall x3 |
| 24:29 | Oni.Nacho · resign |
[ AI ANALYSIS · 1 CREDIT ]
What really happened in this match?
Wolo.gg analyzes every decision: build order, eco, micro, common mistakes by bracket. Personalized analysis on WhatsApp or Discord in 30 seconds.
Civ guide
Shu
Perfil
Parcero Erotico